[Event "Late-Titled-Tuesday-Blitz-April-16-2024"]
[Site "Chess.com"]
[Date "2024.04.16"]
[Round "9"]
[White "noblerone"]
[Black "N_I_Chess"]
[Result "0-1"]
[WhiteElo "2467"]
[BlackElo "2393"]
[TimeControl "180+1"]
[EndTime "15:44:06 PDT"]
[Termination "N_I_Chess won on time"]

1. d4 Nf6 2. Nf3 d5 3. Bg5 c6 4.
Nbd2 Bf5 5. e3 h6 6. Bh4 Nbd7 7. c4 e6 8. Qb3 Qb6 9. c5 Qxb3 10. axb3 Be7 11. b4 O-O 12. b5 cxb5 13. Bxb5 g5 14.
Bg3 a6 15. Be2 Rfc8 16. O-O Nh5 17. Be5 f6 18. Bg3 Nxg3 19. hxg3 Rc6 20. b4 b6 21.
Bxa6 bxc5 22. Bb5 Rxa1 23. Rxa1 Rc7 24. bxc5 e5 25. Ne1 Kf7 26. Bd3 Be6 27. Nc2 Nb8 28. Nb4 Rb7 29. Na6 Nc6 30. dxe5 fxe5 31. Bf1 Ra7 32.
Nb3 Bc8 0-1

[Event "Late-Titled-Tuesday-Blitz-April-16-2024"]
[Site "Chess.com"]
[Date "2024.04.16"]
[Round "9"]
[White "DeArron_Fox"]
[Black "Nemsko"]
[Result "1-0"]
[WhiteElo "2569"]
[BlackElo "2426"]
[TimeControl "180+1"]
[EndTime "15:44:07 PDT"]
[Termination "DeArron_Fox won on time"]

1. d4 Nf6 2. c4 e6 3. Nf3 b6 4.
g3 Ba6 5. Nbd2 d5 6. Bg2 Be7 7. O-O O-O 8. Qc2 c6 9. Rd1 Nbd7 10. e4 dxe4 11. Ne5 Bb7 12. Nxe4 Rc8 13. Qa4 Nxe4 14. Bxe4 Nxe5 15. dxe5 Qc7 16. Bf4 Rfd8 17. h4 a6 18. Qc2 h6 19. h5 c5 20. Qe2 Kh8 21. Qf3 Bxe4 22. Qxe4 b5 23. Kh2 Qb6 24. b3 Qa5 25. Qe2 Rd4 26. Rxd4 cxd4 27. cxb5 axb5 28. Rd1 Bc5 29. Qd2 b4 30. Rc1 Rd8 31. Bxh6 Bf8 32. Bg5 Ra8 33. Qxd4 Qxa2 34. Rc7 Kg8 35. Qf4 Qe2 36.
Qxf7+ Kh8 37. h6 1-0

[Event "Late-Titled-Tuesday-Blitz-April-16-2024"]
[Site "Chess.com"]
[Date "2024.04.16"]
[Round "9"]
[White "SpeedofLight0"]
[Black "Hasangatin_Ramil"]
[Result "1-0"]
[WhiteElo "3032"]
[BlackElo "2647"]
[TimeControl "180+1"]
[EndTime "15:44:08 PDT"]
[Termination "SpeedofLight0 won on time"]

1. d4 d6 2. e4 Nf6 3. Nc3 e5 4. Nf3 Nbd7 5. Bc4 Be7 6. O-O O-O 7. Re1 c6 8. a4 exd4 9. Nxd4 Ne5 10. Bf1 Re8 11. h3 Qc7 12. Be3 Bd7 13. f4 Ng6 14. Qf3 a6 15. a5 c5 16. Nb3 Bc6 17. Rad1 Bf8 18. Bf2 Nxe4 19. Nxe4 Rxe4 20. Rxe4 f5 21. Nxc5 fxe4 22. Nxe4 Qxa5 23. Qb3+ d5 24. f5 Ne5 25. Ng5 Bc5 26. Ne6 Bxf2+ 27. Kxf2 Re8 28. Rd4 Nd7 29. Qg3 Re7 30. Rg4 Qb6+ 31. Ke1 Qa5+ 32. b4 Qa1+ 33. Kd2 Qf6 34. Bd3 Ne5 35. Rf4 Nc4+ 36.
Bxc4 dxc4 37. Rd4 1-0

[Event "Late-Titled-Tuesday-Blitz-April-16-2024"]
[Site "Chess.com"]
[Date "2024.04.16"]
[Round "9"]
[White "BenchGM"]
[Black "Lady_Nika"]
[Result "0-1"]
[WhiteElo "2305"]
[BlackElo "2478"]
[TimeControl "180+1"]
[EndTime "15:44:08 PDT"]
[Termination "Lady_Nika won on time"]

1. e4 c5 2. Nf3 Nc6 3. d4 cxd4 4.
Nxd4 g6 5. c4 Bg7 6. Be3 d6 7.
Nc3 Nf6 8. Be2 O-O 9. O-O e5 10.
Ndb5 Ne8 11. c5 a6 12. Nxd6 Nxd6 13. Qxd6 Qa5 14. Nd5 Be6 15. Ne7+ Nxe7 16. Qxe7 Rfd8 17. Rfd1 Bf8 18. Rxd8 Rxd8 19. Qxb7 Bxc5 20. Bg5 Rd6 21. Bf6 Rd7 22. Qb8+ Bf8 23. Rc1 Qb4 24. Qxb4 Bxb4 25.
Rc8+ Bf8 26. f3 Rb7 27. Rc2 Bg7 28. Bxg7 Kxg7 29. Bxa6 Ra7 30. Bc4 Bxc4 31. Rxc4 Rxa2 32. Rb4 f5 33. Rb5 Kf6 34. exf5 Kxf5 35. Kf2 h5 36.
Ke3 Ra1 37. Kd3 Rd1+ 0-1

[Event "Late-Titled-Tuesday-Blitz-April-16-2024"]
[Site "Chess.com"]
[Date "2024.04.16"]
[Round "9"]
[White "GAO"]
[Black "1g60-1"]
[Result "1-0"]
[WhiteElo "2322"]
[BlackElo "2428"]
[TimeControl "180+1"]
[EndTime "15:44:09 PDT"]
[Termination "GAO won by resignation"]

1. b3 f5 2. Bb2 Nf6 3. g3 e6 4. Bg2 a5 5. a3 a4 6. b4 Be7 7. Nf3 O-O 8. O-O d6 9. d3 Nc6 10. Nbd2 e5 11. e4 f4 12. d4 Nd7 13. b5 Nxd4 14. Bxd4 exd4 15. Nxd4 Ne5 16. N2f3 Qe8 17. Qe2 Bg4 18. h3 Nxf3+ 19. Nxf3 Bd7 20. Qc4+ Kh8 21. Qxc7 Bxb5 22. Rfe1 fxg3 23. fxg3 Bc6 24. Qb6 Qg6 25. Kh2 Bf6 26. Rad1 Bc3 27. Re3 Ba5 28. Qd4 Rad8 29. Nh4 Qg5 30. Nf5 h6 31. h4 Qg6 32. Ne7 Qf7 33. Nf5 d5 34. Nxh6 Qg6 35. exd5 Qxh6 36. Qc5 Bd7 37. Re7 b6 38. Qd4 Bg4 39. Rde1 Bxe1 40. Rxe1 Rde8 41. Rxe8 Rxe8 42. d6 Qe3 43. Qd5 Qe5 44. d7 Qe7 45. dxe8=Q+ Qxe8 46. Qd4 Qc6 47. Bxc6 1-0

[Event "Late-Titled-Tuesday-Blitz-April-16-2024"]
[Site "Chess.com"]
[Date "2024.04.16"]
[Round "9"]
[White "Leebit02"]
[Black "JoakimVonAnd"]
[Result "1-0"]
[WhiteElo "2574"]
[BlackElo "2685"]
[TimeControl "180+1"]
[EndTime "15:44:12 PDT"]
[Termination "Leebit02 won on time"]

1. d4 d5 2. c4 e6 3. Nf3 Nf6 4. g3 h6 5. Bg2 Bd6 6. O-O O-O 7.
b3 b6 8. Qc2 Nbd7 9. Nc3 Bb7 10.
cxd5 Nxd5 11. Nb5 N5f6 12. Nxd6 cxd6 13. Ba3 Be4 14. Qd2 Qb8 15. Qb4 Ne8 16. Rfc1 Qb7 17. Qc3 Ndf6 18. Ne1 Bxg2 19. Nxg2 b5 20. Qc6 Rb8 21. Bb4 Nd5 22. Ba5 Qe7 23. e4 Ndf6 24.
Ne3 g5 25. Bb4 Rb6 26. Qc2 Qb7 27. e5 Nd5 28. Ba5 Ra6 29. Bd2 dxe5 30. dxe5 Ng7 31. Ng4 Nf5 32. Qe4 Qe7 33. Rc2 Rd8 34. Rac1 h5 35. Ne3 Ndxe3 36. Bxe3 b4 37. Rc7 Rd7 38. Qb7 Rxc7 39. Rxc7 Qd8 40. Rc8 1-0

[Event "Late-Titled-Tuesday-Blitz-April-16-2024"]
[Site "Chess.com"]
[Date "2024.04.16"]
[Round "9"]
[White "FMOlexandrProhorov"]
[Black "simaopdias"]
[Result "0-1"]
[WhiteElo "2270"]
[BlackElo "2251"]
[TimeControl "180+1"]
[EndTime "15:44:12 PDT"]
[Termination "simaopdias won on time"]

1. d4 Nf6 2. Bg5 Ne4 3. Bf4 d5 4.
f3 Nf6 5. e3 e6 6. Bd3 Bd6 7.
Ne2 O-O 8. O-O b6 9. Bg5 Nbd7 10.
c4 Bb7 11. Nbc3 h6 12. Bh4 c5 13. cxd5 exd5 14. Rc1 Re8 15. Qd2 Rc8 16. Bf5 c4 17. Bxd7 Qxd7 18. Bxf6 gxf6 19. e4 dxe4 20. fxe4 Qg4 21.
Qxh6 Rxe4 22. Qxf6 Rxe2 23. Qxf7+ Kh8 24. Qf6+ Kg8 25.
Qf7+ Kh8 26. Qxb7 Bxh2+ 27. Kh1 Bg3 28. Qe4 Rxe4 29. Nxe4 Qh4+ 30. Kg1 Qxe4 31. Rf3 Qxd4+ 32. Kf1 Qxb2 33. Rd1 Be5 34. Rh3+ Kg7 35. Rf3 Rf8 36. Rxf8 Kxf8 0-1

[Event "Late-Titled-Tuesday-Blitz-April-16-2024"]
[Site "Chess.com"]
[Date "2024.04.16"]
[Round "9"]
[White "jaskol95"]
[Black "Oleg_Papayan"]
[Result "1-0"]
[WhiteElo "2557"]
[BlackElo "2667"]
[TimeControl "180+1"]
[EndTime "15:44:13 PDT"]
[Termination "jaskol95 won on time"]

1. e4 d5 2. exd5 Qxd5 3. Nc3 Qd8 4. Nf3 c6 5. g3 Bf5 6. Bg2 e6 7. d3 Be7 8. O-O Nf6 9. b3 O-O 10. Bb2 Nbd7 11. Re1 h6 12. Ne4 Nc5 13. Bxf6 Bxf6 14.
Nxc5 Bxa1 15. Qxa1 Qe7 16. Qe5 Rfe8 17. Ne4 Rad8 18.
Qa5 b6 19. Qa4 Qc7 20. Qc4 b5 21. Qc3 Qb6 22. Nc5 Rd5 23. d4 Red8 24. b4 Bg4 25. Re4 Bf5 26. Re3 R5d6 27. Qb2 Ra8 28. c3 a5 29. a3 axb4 30. axb4 Qa7 31. Re1 Qa3 32. Qd2 Qa2 33. Qe3 Ra3 34. Ne5 Qb2 35. Rc1 Ra1 36. Nb3 Ra3 37. Nc5 Ra1 38. Re1 Ra3 39. Ne4 Bxe4 40. Bxe4 Rxc3 41. Qf4 f6 42. Nd3 Rxd3 43. Qxd6 1-0

[Event "Late-Titled-Tuesday-Blitz-April-16-2024"]
[Site "Chess.com"]
[Date "2024.04.16"]
[Round "9"]
[White "rhwr"]
[Black "Eloist"]
[Result "0-1"]
[WhiteElo "2240"]
[BlackElo "2451"]
[TimeControl "180+1"]
[EndTime "15:44:14 PDT"]
[Termination "Eloist won on time"]

1. e4 e6 2. Nf3 d5 3. e5 c5 4. b4 cxb4 5. a3 Nc6 6. d4 Bd7 7. Bd3 bxa3 8. Bxa3 Bxa3 9. Nxa3 a6 10. c3 Nge7 11.
O-O h6 12. c4 O-O 13. c5 f6 14. exf6 Rxf6 15. Rb1 Qc7 16. Rb6 Rxf3 17. gxf3 Nxd4 18. Nc2 Nxc2 19. Qxc2 Rf8 20. Rfb1 Bc6 21. Kg2 Qf4 22. Qe2 Rf6 23. R1b4 Qc1 24. Rg4 Qxc5 25. Rb1 Qd6 26. Rg1 e5 27. Kh1 Rf7 28. Bg6 Nxg6 29. Rxg6 Qc7 30. Rxh6 e4 31. f4 d4 32. Rg2 e3 33.
f3 Qxf4 34. Rh3 Bxf3 35. Rxf3 Qxf3 36. Qe1 Qf1+ 37. Qxf1 Rxf1+ 38. Rg1 e2 39. Kg2 Rxg1+ 40. Kxg1 e1=Q+ 0-1

[Event "Late-Titled-Tuesday-Blitz-April-16-2024"]
[Site "Chess.com"]
[Date "2024.04.16"]
[Round "9"]
[White "MikaelyanArman"]
[Black "TangerineandLemon25"]
[Result "0-1"]
[WhiteElo "2745"]
[BlackElo "2624"]
[TimeControl "180+1"]
[EndTime "15:44:15 PDT"]
[Termination "TangerineandLemon25 won by checkmate"]

1. e4 c5 2. Nf3 d6 3. Bc4 Nf6 4. e5 dxe5 5. Nxe5 e6 6. O-O Nbd7 7. Nf3 Bd6 8. Nc3 a6 9. a4 Ne5 10. Nxe5 Bxe5 11. Qf3 Qc7 12. Qh3 Bd7 13. d3 Bc6 14.
Be3 O-O 15. a5 Bd5 16. Bxd5 exd5 17. Na4 Nd7 18. Bd2 Rae8 19. Rfe1 Re6 20. Kh1 Rfe8 21.
Qf3 Qc6 22. h3 Rf6 23. Qg4 Rxf2 24. Bf4 Nf6 25. Qg3 Rxf4 26. Rxe5 Rxa4 27. Rae1 Rxe5 28. Qxe5 h6 29. Rf1 Qe8 30. Qc7 Ra2 31. Qxb7 Qb5 32.
Qc8+ Qe8 33. Qxc5 Rxb2 34. Qd6 Qe2 35. Rg1 Nh5 36. Qxd5 Ng3+ 37. Kh2 Nf1+ 38. Kh1 Rxc2 39. Qa8+ Kh7 40. Qd5 Ng3+ 41. Kh2 Qf2 42. h4 Nf1+ 43. Kh1 Qxh4# 0-1

[Event "Late-Titled-Tuesday-Blitz-April-16-2024"]
[Site "Chess.com"]
[Date "2024.04.16"]
[Round "9"]
[White "BogdanDeac"]
[Black "AlexeiShirov"]
[Result "1-0"]
[WhiteElo "2999"]
[BlackElo "2828"]
[TimeControl "180+1"]
[EndTime "15:44:17 PDT"]
[Termination "BogdanDeac won by resignation"]

1. e4 e5 2. Nf3 Nc6 3. d4 exd4 4. Nxd4 Qf6 5. Nf3 Bb4+ 6. c3 Bc5 7. Be2 Nge7 8. O-O d6 9. b4 Bb6 10. Qc2 Ng6 11. Bg5 Qe6 12. Na3 h6 13. Bd2 Nge5 14.
Nxe5 Nxe5 15. c4 Nc6 16. Bd3 a5 17. c5 axb4 18. cxb6 Rxa3 19. bxc7 Nd4 20. Qc4 Qxc4 21.
Bxc4 Ke7 22. Rab1 Be6 23. Bxb4 Ra4 24. Bxe6 fxe6 25. Rfd1 e5 26. f4 Ke6 27. fxe5 dxe5 28. Bc5 Rc8 29. Rxb7 Rc4 30. Rb6+ Kd7 31. Bxd4 exd4 32.
Rg6 R8xc7 33. Rxg7+ Ke6 34. Rxc7 Rxc7 35. Rxd4 Rc1+ 36.
Kf2 Rc2+ 37. Kf3 Rxa2 38. Rb4 Ra3+ 39. Kg4 Ra2 40. Kg3 Ra3+ 41. Kh4 Ra2 42. Rb6+ Ke5 43.
Kh3 h5 44. Rb5+ Kxe4 45. Rxh5 1-0

[Event "Late-Titled-Tuesday-Blitz-April-16-2024"]
[Site "Chess.com"]
[Date "2024.04.16"]
[Round "9"]
[White "Tugrik1969"]
[Black "duone"]
[Result "1-0"]
[WhiteElo "2515"]
[BlackElo "2338"]
[TimeControl "180+1"]
[EndTime "15:44:17 PDT"]
[Termination "Tugrik1969 won by checkmate"]

1. d4 Nf6 2. c4 e6 3. Nf3 Bb4+ 4.
Bd2 Qe7 5. g3 O-O 6. Nc3 d5 7. Bg2 Nc6 8. O-O dxc4 9. Bg5 Rd8 10.
a3 Ba5 11. Qa4 Bb6 12. e3 h6 13. Bxf6 Qxf6 14. Qxc4 Bd7 15. Ne4 Qe7 16. Rac1 a6 17. Nc5 Bxc5 18. Qxc5 Qf6 19. Rfd1 Rac8 20. Ne5 Nxe5 21. dxe5 Qg6 22. Bxb7 Rb8 23. Qxc7 Rf8 24. Rxd7 Qh5 25. Rcd1 Qe2 26. Rd8 Rbxd8 27. Rxd8 Rxd8 28.
Qxd8+ Kh7 29. Qd4 Qe1+ 30. Kg2 Qe2 31. Be4+ g6 32. h4 Kg7 33. Bf3 Qc2 34. Qc3 Qf5 35.
b4 Qb1 36. a4 Qa2 37. a5 Qa4 38. Qd4 Qb5 39. Be4 g5 40. hxg5 hxg5 41. Bd3 Qb7+ 42. Qe4 Qa7 43. Qh7+ Kf8 44. Qh8+ Ke7 45. Qf6+ Kf8 46.
Qxg5 Qb7+ 47. Kh2 Qxb4 48. Qf6 Qxa5 49. Bg6 Qc7 50. Qh8+ Ke7 51. Qg7 Ke8 52. Bh5 Qe7 53. Bd1 a5 54. Ba4+ Kd8 55. Qh8+ Kc7 56. Qa8 Qb4 57. Qc6+ Kb8 58. Qb5+ Qxb5 59. Bxb5 Kb7 60. Be8 Kb6 61. Bxf7 a4 62. Bxe6 Kc5 63. f4 Kb4 64. g4 a3 65. g5 Kc3 66. g6 Kb2 67. g7 a2 68. Bxa2 Kxa2 69. g8=Q+ Kb2 70. e6 Kc2 71. e7 Kd2 72. e8=Q Kd1 73. f5 Ke1 74. f6 Kd1 75. f7 Ke1 76. f8=Q Kd1 77. e4 Ke1 78. e5 Kd1 79. e6 Ke1 80. e7 Kd1 81.
Qd7+ Ke1 82. e8=Q# 1-0

[Event "Late-Titled-Tuesday-Blitz-April-16-2024"]
[Site "Chess.com"]
[Date "2024.04.16"]
[Round "9"]
[White "hristos03"]
[Black "FMYiLiu"]
[Result "0-1"]
[WhiteElo "2364"]
[BlackElo "2472"]
[TimeControl "180+1"]
[EndTime "15:44:17 PDT"]
[Termination "FMYiLiu won by resignation"]

1. Nf3 d5 2. c4 c6 3. d4 e6 4. g3 dxc4 5. a4 b5 6. Bg2 Bb7 7. Ne5 Qb6 8. O-O Nf6 9. Na3 a6 10. b3 c3 11. Qd3 b4 12. Nac4 Qc7 13.
e4 a5 14. g4 Be7 15. g5 Nfd7 16. Bf4 Qd8 17. h4 O-O 18. Qg3 Nxe5 19. Bxe5 Ba6 20.
Bc7 Qe8 21. h5 Nd7 22. h6 g6 23. Rfd1 Bxc4 24. bxc4 Qc8 25. d5 Nc5 26. Qe5 f6 27. gxf6 Bxf6 28. Qg3 c2 29. Rdc1 Bxa1 30. Rxa1 b3 31.
Qe5 Qd7 32. Bd6 Nd3 33. Qd4 b2 34. Bh3 bxa1=Q+ 35. Qxa1 c1=Q+ 36. Qxc1 Nxc1 37. Bxe6+ Qxe6 38. dxe6 Rfe8 39. e7 Ra7 40. c5 Raxe7 41. e5 Rxe5 0-1

[Event "Late-Titled-Tuesday-Blitz-April-16-2024"]
[Site "Chess.com"]
[Date "2024.04.16"]
[Round "9"]
[White "AlexPapasimakopoulos"]
[Black "mbojan"]
[Result "0-1"]
[WhiteElo "2644"]
[BlackElo "2952"]
[TimeControl "180+1"]
[EndTime "15:44:18 PDT"]
[Termination "mbojan won on time"]

1. d4 a6 2. e4 e6 3. c4 d5 4. exd5 exd5 5. Nc3 Nf6 6. cxd5 Nxd5 7. Bc4 Nxc3 8.
bxc3 Bd6 9. Nf3 O-O 10. O-O Bg4 11. h3 Bh5 12. Re1 Nd7 13. Bb3 c5 14. Ba3 Qc7 15. Qd3 b5 16. Qf5 Bg6 17. Qg5 c4 18. Bxd6 Qxd6 19. Bd1 h6 20. Qd2 Nb6 21. Ne5 Nd5 22.
Nxg6 fxg6 23. Re5 Rad8 24. Bc2 Qf6 25. Rae1 Qf4 26. Qxf4 Nxf4 27. R1e3 g5 28. Be4 Rfe8 29. Rxe8+ Rxe8 30. Kf1 Kf8 31. Bb7 Rb8 32. Bxa6 Rb6 33. Bc8 Nd5 34. Rf3+ Rf6 35. Rxf6+ gxf6 36. Ba6 Nxc3 37.
Ke1 Nxa2 38. Bxb5 c3 39. Kd1 Nb4 40. Bc4 Ke7 41. g3 Kd6 42. Kc1 Kc6 43. Kd1 Kb6 44.
Kc1 Ka5 45. Bb3 Kb5 46. Kd1 Nc6 47. Kc2 Kb4 48. Ba2 Nxd4+ 49. Kd3 c2 50. Kd2 Kc5 51. Bf7 Kd6 52. Bg6 f5 53. Bf7 Ke5 54. Bc4 Ke4 55.
Ba6 Kf3 56. g4 fxg4 57. hxg4 Kxg4 0-1

[Event "Late-Titled-Tuesday-Blitz-April-16-2024"]
[Site "Chess.com"]
[Date "2024.04.16"]
[Round "9"]
[White "prochn"]
[Black "HajiyevKanan"]
[Result "1-0"]
[WhiteElo "2458"]
[BlackElo "2581"]
[TimeControl "180+1"]
[EndTime "15:44:18 PDT"]
[Termination "prochn won by resignation"]

1. d4 d5 2. c4 c6 3. Nf3 Nf6 4. g3 a6 5. Bg2 Bf5 6. cxd5 cxd5 7. Qb3 Qd7 8. Ne5 Qb5 9. Qxb5+ axb5 10. Nc3 Nc6 11.
Nxb5 Rc8 12. Nxc6 bxc6 13. Nc3 e6 14. Bd2 Rb8 15. Na4 Bd6 16. Rc1 Kd7 17. b3 Ba3 18. Ra1 Rhc8 19. O-O Ne4 20. Bf4 Rb4 21. f3 Nf6 22. e4 dxe4 23. fxe4 Nxe4 24. Bxe4 Bxe4 25.
Nc5+ Ke7 26. Nxe4 Rxd4 27. Ng5 f6 28. Nf3 Rd3 29. Rad1 Rcd8 30. Rxd3 Rxd3 31. Kf2 e5 32. Be3 Rc3 33. Rd1 Rc2+ 34. Rd2 Rc3 35. Ke2 Bb4 36. Ne1 Ke6 37. Rc2 Rxe3+ 38. Kxe3 Bxe1 39. Rxc6+ Kd5 40.
Rc7 g5 41. Rxh7 f5 42. Ke2 Bc3 43. Rd7+ Ke4 44. Rc7 Bd4 45. a4 f4 46. gxf4 gxf4 47. Rf7 Bc3 48. h4 Kd5 49. h5 Ke6 50. Rc7 Bb4 51. h6 e4 52. h7 f3+ 53. Ke3 Bd6 54. Rc4 Bf4+ 55. Kxf4 f2 56. Rc1 1-0

[Event "Late-Titled-Tuesday-Blitz-April-16-2024"]
[Site "Chess.com"]
[Date "2024.04.16"]
[Round "9"]
[White "Harry_Rakkel"]
[Black "SRob2003"]
[Result "1-0"]
[WhiteElo "2722"]
[BlackElo "2661"]
[TimeControl "180+1"]
[EndTime "15:44:19 PDT"]
[Termination "Harry_Rakkel won by resignation"]

1. e4 c6 2. Nf3 d5 3. d3 dxe4 4. dxe4 Qxd1+ 5. Kxd1 g6 6. a4 Nf6 7. Nfd2 Bh6 8. f3 Nbd7 9. Nc4 Bxc1 10. Kxc1 Nc5 11.
Kd2 Nfd7 12. b4 Ne6 13. a5 f6 14. Ke3 O-O 15. Nbd2 Kg7 16. Bd3 Ne5 17. Nxe5 fxe5 18.
Nc4 Kf6 19. g3 Nc7 20. h4 Be6 21. f4 exf4+ 22. gxf4 Bxc4 23. Bxc4 e5 24. fxe5+ Kxe5 25. h5 Rf4 26. Bd3 Raf8 27. Rag1 Rf3+ 28. Kd2 R3f6 29. Rg5+ Ke6 30. hxg6 Rxg6 31. Bc4+ Kf6 32. Rf5+ Kg7 33.
Rxf8 Kxf8 34. Rxh7 Rg7 35. Rh8+ Ke7 36. Rb8 b6 37.
Rb7 Kd6 38. Rxa7 bxa5 39. bxa5 Rg2+ 40. Kc3 Rg3+ 41. Kb2 Re3 42. Bd3 Ne6 43. a6 Nc5 44. Ra8 Nxd3+ 45. cxd3 Kc7 46. Kc3 Re1 47. a7 Kb7 48.
Rc8 Kxa7 49. Kd2 Rh1 50. Rxc6 Kb7 51. Rg6 Kc7 52. Kc3 Rc1+ 53. Kd4 Ra1 54. e5 Ra5 55. Ke4 Ra6 56. Rxa6 1-0

[Event "Late-Titled-Tuesday-Blitz-April-16-2024"]
[Site "Chess.com"]
[Date "2024.04.16"]
[Round "9"]
[White "subham777"]
[Black "Bkmzzzzz"]
[Result "0-1"]
[WhiteElo "2521"]
[BlackElo "2404"]
[TimeControl "180+1"]
[EndTime "15:44:21 PDT"]
[Termination "Bkmzzzzz won by resignation"]

1. e4 d6 2. Nc3 Nf6 3. d4 e5 4.
Be3 Be7 5. g3 c6 6. Bg2 O-O 7.
Nge2 b5 8. a3 a5 9. O-O Nbd7 10.
h3 Qc7 11. f4 Bb7 12. f5 b4 13.
axb4 axb4 14. Na4 d5 15. dxe5 Nxe5 16. exd5 Nxd5 17. Bd4 f6 18. Nf4 Nxf4 19. Rxf4 Rfd8 20. Qh5 c5 21. Bxe5 fxe5 22. Rh4 Bxh4 23. Qxh4 Bxg2 24. Kxg2 Qc6+ 25. Kg1 Rd2 26. Qc4+ Kh8 27. Qf1 Rxa4 28. Re1 Qd5 29. f6 Qf7 30. Qf5 gxf6 31. Rf1 Kg7 32. b3 Ra8 33. Qf3 Rad8 34. h4 Qg6 35. h5 Qg5 36. h6+ Kxh6 37. Re1 Kg7 38. Re4 Rd1+ 39. Kh2 R8d2+ 40. Kh3 h5 41. Rh4 Kg6 42. Qa8 Qf5+ 43.
g4 Qf1+ 44. Kg3 Qf2+ 45. Kh3 Qe3+ 0-1

[Event "Late-Titled-Tuesday-Blitz-April-16-2024"]
[Site "Chess.com"]
[Date "2024.04.16"]
[Round "9"]
[White "Smiechu"]
[Black "dasatcu90"]
[Result "1-0"]
[WhiteElo "2406"]
[BlackElo "2189"]
[TimeControl "180+1"]
[EndTime "15:44:22 PDT"]
[Termination "Smiechu won on time"]

1. e4 c6 2. d4 d5 3. f3 e5 4.
exd5 Qh4+ 5. g3 Qxd4 6. Qxd4 exd4 7. Ne2 cxd5 8. Nxd4 Nc6 9. Bb5 Bd7 10. Be3 Nf6 11. Nc3 Bb4 12. Kf2 Bxc3 13. bxc3 Nxd4 14. Bxd7+ Kxd7 15. cxd4 Rac8 16. Rhc1 Rc4 17. Rab1 b6 18.
c3 Rhc8 19. Rb3 Ne8 20. Ra3 a5 21. Rb3 Kc6 22. Rcb1 Rb8 23. Bd2 Rb7 24. Re1 Nd6 25.
Re3 a4 26. Rb1 b5 27. Rbe1 Kb6 28. Re7 Rcc7 29. R7e5 Kc6 30. Bc1 Rd7 31. Ba3 Nc4 32. Bc5 Rbc7 33. Re8 Kb7 34. Rh8 h6 35. Rg8 g6 36. Ree8 h5 37. Ra8 Rxc5 38. Rgb8+ Kc6 39. Rc8+ Kd6 40. Rxc5 Na3 41. Ra6+ Ke7 42. Rac6 h4 43.
gxh4 Rb7 44. Rc7+ Rxc7 45. Rxc7+ Ke6 46. Rc6+ Ke7 47. f4 Nb1 48. f5 gxf5 49. h5 Kf8 50. Rc5 Kg8 51. Ke2 Kg7 52. Kd3 1-0

[Event "Late-Titled-Tuesday-Blitz-April-16-2024"]
[Site "Chess.com"]
[Date "2024.04.16"]
[Round "9"]
[White "Zavgorodniy_Sergiy"]
[Black "KNVB"]
[Result "1-0"]
[WhiteElo "2630"]
[BlackElo "2773"]
[TimeControl "180+1"]
[EndTime "15:44:23 PDT"]
[Termination "Zavgorodniy_Sergiy won by checkmate"]

1. d4 e5 2. dxe5 Nc6 3. Nf3 Qe7 4. Bg5 Qb4+ 5. Bd2 Qxb2 6. Nc3 Bb4 7. Rb1 Qxc3 8. Bxc3 Bxc3+ 9. Nd2 Nxe5 10. e3 Nf6 11.
Bd3 O-O 12. O-O d5 13. Rb3 Ba5 14. Nf3 Nxf3+ 15. Qxf3 Bb6 16. Bf5 Bxf5 17. Qxf5 Rae8 18. Rd1 Re6 19. h3 g6 20. Qf3 Rc6 21. a4 Kg7 22. Rd2 Re8 23. g4 Ne4 24. Rxd5 Rf6 25. Qe2 c6 26. Rd7 Nc5 27. Rd1 Nxa4 28. Rbd3 Nb2 29. Rd7 Nxd1 30. Qxd1 Kg8 31. Rxb7 Rf8 32. Kg2 Re6 33.
Qd7 c5 34. c4 Ree8 35. h4 Rb8 36. Rxb8 Rxb8 37. h5 gxh5 38. gxh5 h6 39. Qg4+ Kh7 40. Qf5+ Kg8 41. e4 Re8 42. f4 Re6 43. e5 Bd8 44.
Kg3 Bc7 45. Qd3 Kg7 46. Qd5 Bb6 47. f5 Re8 48. e6 fxe6 49. fxe6 Kf6 50. Qd7 Re7 51. Qc8 Rxe6 52. Qf8+ Ke5 53. Qf4# 1-0

[Event "Late-Titled-Tuesday-Blitz-April-16-2024"]
[Site "Chess.com"]
[Date "2024.04.16"]
[Round "9"]
[White "ploxoi"]
[Black "Glidzhian_Gor"]
[Result "1-0"]
[WhiteElo "2410"]
[BlackElo "2547"]
[TimeControl "180+1"]
[EndTime "15:44:26 PDT"]
[Termination "ploxoi won by checkmate"]

1. d4 Nf6 2. c4 c5 3. d5 b5 4.
cxb5 a6 5. bxa6 Bxa6 6. Nf3 d6 7. g3 h5 8. Bg2 h4 9. Nxh4 Nbd7 10. Nf3 g6 11.
O-O Bg7 12. Nc3 Ng4 13. h3 Nge5 14. Nxe5 Nxe5 15. Rb1 Qc8 16. Bf4 Rxh3 17. Qa4+ Kf8 18. Bxh3 Qxh3 19. Bxe5 Bxe5 20. Qh4 Qxh4 21. gxh4 Rb8 22.
Rfe1 Rb4 23. e4 Kg7 24. a3 Rb3 25. Red1 Bc8 26. Kg2 c4 27. a4 f5 28. a5 fxe4 29. Nxe4 Rb5 30. Nd2 Rc5 31. Rbc1 Ba6 32. b4 Rxd5 33.
Nf3 Rxd1 34. Rxd1 Bf4 35. Nd4 Kf6 36. b5 Bb7+ 37. f3 c3 38. Nc2 Bd2 39. a6 Bd5 40.
Rb1 e5 41. b6 e4 42. b7 exf3+ 43. Kf2 Be4 44. b8=Q Bxc2 45. Qxd6+ Kg7 46. Qc7+ Kh6 47. Qb6 Bxb1 48. Qxb1 Kh5 49. Qc2 Kxh4 50. Qxg6 Bf4 51. a7 c2 52. Qxc2 Kg4 53. Qg6+ Kh3 54. Qh5# 1-0

[Event "Late-Titled-Tuesday-Blitz-April-16-2024"]
[Site "Chess.com"]
[Date "2024.04.16"]
[Round "9"]
[White "XiaoKangZhong"]
[Black "Misterfox120"]
[Result "0-1"]
[WhiteElo "2508"]
[BlackElo "2404"]
[TimeControl "180+1"]
[EndTime "15:44:26 PDT"]
[Termination "Misterfox120 won by resignation"]

1. e4 Nf6 2. e5 Nd5 3. Nc3 e6 4. Nxd5 exd5 5. Nf3 d6 6. d4 Nc6 7. Bb5 Bg4 8. h3 Bxf3 9. Qxf3 dxe5 10. dxe5 Bc5 11.
O-O O-O 12. Qg3 Re8 13. Bh6 Bf8 14. Rfe1 Re6 15. Bf4 a6 16. Bd3 Nb4 17. Bf5 Re8 18. c3 Nc6 19. Rad1 g6 20. Be4 Ne7 21. Bg5 c6 22.
Bf6 Bg7 23. Qg5 Qd7 24. Bf3 h6 25. Qh4 Bxf6 26. Qxf6 Qe6 27. Qf4 Kg7 28. Bg4 Nf5 29.
Bxf5 Qxf5 30. Qxf5 gxf5 31. f4 Re6 32. Re3 Rae8 33.
Kf2 f6 34. Rg3+ Kf7 35. exf6 Re2+ 36. Kg1 Rxb2 37. c4 Rd8 38. a4 Kxf6 39. cxd5 Rxd5 40. Rxd5 cxd5 41. Rd3 Rb4 42. Rxd5 Rxa4 43. Rd6+ Ke7 44. Rxh6 Rb4 45. Rh5 Kf6 46. Rh6+ Kg7 47. Rd6 a5 48. Rd5 b5 49. Rxf5 a4 50. Rc5 a3 51. Rc7+ Kf6 52.
g4 a2 53. Rc6+ Ke7 0-1

[Event "Late-Titled-Tuesday-Blitz-April-16-2024"]
[Site "Chess.com"]
[Date "2024.04.16"]
[Round "9"]
[White "rdarruda"]
[Black "IMRosen"]
[Result "0-1"]
[WhiteElo "2546"]
[BlackElo "2718"]
[TimeControl "180+1"]
[EndTime "15:44:28 PDT"]
[Termination "IMRosen won by resignation"]

1. Nf3 d5 2. b3 Nf6 3. Bb2 Bg4 4. e3 Nbd7 5. Be2 e6 6. O-O Bd6 7. d4 h5 8. Nbd2 c6 9. Ne5 Qb6 10. h3 Bxe2 11. Qxe2 g5 12. Nxd7 Nxd7 13. e4 Qd8 14. c4 Be7 15. exd5 cxd5 16. cxd5 exd5 17. Rfe1 Kf8 18. Nf3 Kg7 19. Ne5 Nf8 20. Qf3 Bf6 21. Rac1 Ne6 22. Qf5 Bxe5 23. Qxe5+ Kg6 24. Re3 Nf4 25.
g3 Ne6 26. Rf3 Rf8 27. Qf5+ Kg7 28. Rc5 Qe7 29. Rxd5 f6 30. Qe4 Rae8 31. Rdf5 Rf7 32. d5 Nc5 33. Qxe7 Rexe7 34. Bxf6+ Rxf6 35. Rxf6 Ne4 36.
R6f5 Rd7 37. Re3 Nf6 38. Re6 Nxd5 39. Rxg5+ Kf7 40. Ree5 Nf6 41. Ref5 Rd2 42. Rxh5 Kg6 43. Rhg5+ Kf7 44. Rxf6+ Kxf6 45. Rb5 b6 46. a4 Rd6 47. h4 a6 48. Kg2 axb5 49. Kh3 Rd5 50. f3 Rd3 51. g4 Rxf3+ 52. Kg2 Rxb3 0-1

[Event "Late-Titled-Tuesday-Blitz-April-16-2024"]
[Site "Chess.com"]
[Date "2024.04.16"]
[Round "9"]
[White "masterofpuppets2"]
[Black "Denmark2015"]
[Result "0-1"]
[WhiteElo "2497"]
[BlackElo "2607"]
[TimeControl "180+1"]
[EndTime "15:44:29 PDT"]
[Termination "Denmark2015 won on time"]

1. d4 e6 2. c4 f5 3. Nc3 Nf6 4. a3 Be7 5. Nf3 O-O 6. g3 d6 7. Bg2 Ne4 8. Qc2 Nxc3 9. Qxc3 a5 10. b3 Nc6 11. Bb2 Bf6 12. Qd2 e5 13. d5 Nb8 14.
O-O Nd7 15. Qc2 Nc5 16. b4 Na6 17. Qb3 b6 18. e4 f4 19. Kh1 Qe8 20. gxf4 exf4 21.
Bxf6 Rxf6 22. Rae1 Bg4 23. e5 Rh6 24. Ng1 Qh5 25.
h3 Rf8 26. Bf3 dxe5 27. Bxg4 Qxg4 28. Qf3 Qf5 29. Re4 axb4 30. axb4 Nxb4 31. Rfe1 Rh5 32. Rxe5 Qxe5 33. Rxe5 Rxe5 34. Ne2 Na6 35. Nd4 Nc5 36.
Kg2 h6 37. h4 Rf6 38. Kf1 Re4 39. Ne6 Rxc4 40. Nxc5 Rxc5 41. Qd3 Rd6 42. Qe4 Rcxd5 43. Qxf4 Rd4 44. Qe3 Kh7 45. Qe2 Rxh4 0-1